 Dungeon Crawl Stone Soup version 0.32-a0-391-gce5c0aab1b (webtiles) character file.

Game seed: 11901430194246264166

9162 CougarLife the Destroyer (level 11, -1/54 HPs)
             Began as a Gargoyle Earth Elementalist on Feb 20, 2024.
             Was a Believer of Vehumet.
             Slain by a skeletal warrior
             ... wielding a +0 dire flail
              (21 damage)
             ... on level 10 of the Dungeon.
             The game lasted 00:17:55 (9485 turns).

CougarLife the Destroyer (GrEE)                     Turns: 9485, Time: 00:17:56

Health: -1/54      AC: 12    Str: 13    XL:     11   Next: 42%
Magic:  18/23      EV: 11    Int: 31    God:    Vehumet [**....]
Gold:   428        SH:  0    Dex: 10    Spells: 18/27 levels left

rFire   + . .        E - +4 dagger
rCold   . . .        (no shield)
rNeg    + . .        D - +0 leather armour {rF+}
rPois   ∞            (no helmet)
rElec   +            k - +0 cloak
rCorr   .            (no gloves)
SInv    .            (no boots)
Will    .....        y - amulet of magic regeneration
Stlth   ++           n - +6 ring of intelligence
HPRegen 0.29/turn    t - +6 ring of intelligence
MPRegen 0.58/turn

%: no passive effects
@: no status effects
A: sickness immunity, AC +8, negative energy resistance 1, electricity
resistance, torment resistance 1, petrification resistance
a: Renounce Religion


You were on level 10 of the Dungeon.
You worshipped Vehumet.
Vehumet was pleased with you.
You visited 2 branches of the dungeon, and saw 11 of its levels.

You collected 428 gold pieces.

Inventory:

Hand Weapons
 E - a +4 dagger (weapon)
Armour
 k - a +0 cloak (worn)
 D - a +0 leather armour of fire resistance (worn)
Jewellery
 e - a ring of fire
 n - a +6 ring of intelligence (left hand)
 t - a +6 ring of intelligence (right hand)
 y - an amulet of magic regeneration (around neck)
Wands
 C - a wand of roots (19)
 G - a wand of mindburst (4)
Scrolls
 a - a scroll of poison {unknown}
 c - 2 scrolls of fear
 d - 4 scrolls of teleportation
 f - 2 scrolls of identify
 j - 2 scrolls of enchant weapon
 l - 2 scrolls of immolation
 p - 4 scrolls of noise
 r - a scroll of vulnerability {unknown}
 s - a scroll of amnesia {unknown}
 x - a scroll of butterflies {unknown}
Potions
 b - a potion of magic
 g - 2 potions of enlightenment
 h - a potion of attraction
 i - 2 potions of might
 m - 2 potions of ambrosia
 o - 3 potions of curing
 q - a potion of mutation {unknown}
 v - a potion of brilliance {unknown}
 w - 2 potions of lignification
 z - 2 potions of degeneration
 A - a potion of berserk rage {unknown}
 B - 2 potions of haste {unknown}
 F - a potion of resistance {unknown}


   Skills:
 - Level 1.5 Dodging
 - Level 2.1 Stealth
 + Level 8.9 Spellcasting
 * Level 10.5 Conjurations
 - Level 7.0 Air Magic
 + Level 10.0 Earth Magic


You had 18 spell levels left.
You knew the following spells:

 Your Spells              Type           Power      Damage    Failure   Level
a - Sandblast             Erth           100%       2d20      1%          1
b - Stone Arrow           Conj/Erth      100%       3d13      1%          3
c - Freezing Cloud        Conj/Ice/Air   25%        6-21      12%         5

Your spell library contained the following spells:

 Spells                   Type           Power      Damage    Failure   Level
 Static Discharge         Conj/Air       100%       3-8/arc   1%          2
 Mercury Vapours          Alch/Air       70%        N/A       1%          2
 Hailstorm                Conj/Ice       46%        3d10      1%          3
 Mephitic Cloud           Conj/Alch/Air  50%        N/A       1%          3
 Passwall                 Erth           66%        N/A       1%          3
 Brom's Barrelling Bould  Conj/Erth      67%        2d8       1%          4
 Freeze                   Ice            52%        1d6       4%          1
 Iskenderun's Mystic Bla  Conj/Tloc      46%        2d10      5%          4
 Petrify                  Alch/Erth      45%        N/A       6%          4
 Frozen Ramparts          Ice            26%        1d4       14%         3
 Tukima's Dance           Hex            13%        N/A       14%         3
 Dimensional Bullseye     Hex/Tloc       6%         N/A       43%         4


Dungeon Overview and Level Annotations

Branches:
Dungeon (10/15)            Temple (1/1) D:6            Lair (0/5) D:10
    Orc (0/2) D:9

Altars:
Dithmenos
Elyvilon
Fedhas
Gozag
Hepliaklqana
Kikubaaqudgha
Makhleb
Nemelex Xobeh
Okawaru
Qazlal
Ru
Sif Muna
Trog
Uskayaw
Vehumet
Wu Jian
Xom
Yredelemnul
Zin
The Shining One

Shops:
D:9 [


Innate Abilities, Weirdness & Mutations

You are immune to sickness and miasma.
Your stone body is resilient. (AC +8)
You are immune to poison.
You resist negative energy. (rN+)
You are resistant to electric shocks. (rElec)
You are resistant to unholy torment.
You are immune to petrification.


Message History

Aiming: Stone Arrow (safe; 1% risk of failure)
Press: ? - help, Shift-Dir - straight line, f/p - skeletal warrior
Aim: a skeletal warrior, wielding a +0 flail (almost destroyed, 78% to hit)
The stone arrow hits the skeletal warrior but does no damage.
The skeletal warrior is almost destroyed.
The skeletal warrior hits you with a +0 flail.
Casting: Stone Arrow (safe; 1% risk of failure)
Confirm with . or Enter, or press ? or * to list all spells.
Aiming: Stone Arrow (safe; 1% risk of failure)
Press: ? - help, Shift-Dir - straight line, f/p - skeletal warrior
Aim: a skeletal warrior, wielding a +0 flail (almost destroyed, 78% to hit)
The stone arrow hits the skeletal warrior!
You destroy the skeletal warrior!
Vehumet accepts your kill.
You feel your power returning.
Your Earth Magic skill increases to level 10!
You start resting.
Magic restored.
You start resting.
HP restored.
You climb downwards.
The skeletal warrior hits you with a +0 dire flail!
There is a stone staircase leading up here.
Casting: Stone Arrow (safe; 1% risk of failure)
Confirm with . or Enter, or press ? or * to list all spells.
Aiming: Stone Arrow (safe; 1% risk of failure)
Press: ? - help, Shift-Dir - straight line, f - skeletal warrior
Aim: a skeletal warrior, wielding a +0 dire flail (78% to hit)
The stone arrow hits the skeletal warrior!
The skeletal warrior is moderately damaged.
The skeletal warrior hits you with a +0 dire flail!!
Casting: Stone Arrow (safe; 1% risk of failure)
Confirm with . or Enter, or press ? or * to list all spells.
Aiming: Stone Arrow (safe; 1% risk of failure)
Press: ? - help, Shift-Dir - straight line, f/p - skeletal warrior
Aim: a skeletal warrior, wielding a +0 dire flail (moderately damaged, 78% to hit)
The stone arrow hits the skeletal warrior!
The skeletal warrior is heavily damaged.
The skeletal warrior hits you with a +0 dire flail!!
You die...

.PP..P.....................#.#
...........................#.#
...P>...♣..P............$.....
.♣..PP........................#.#
..P..............................
#...........♣....................
#.PP..........................)†.
#......P........z...........†..#
###............)@..##'##....)...#
........P♣....#....#~~~##.....#.#
..>....†......#)##.'(~~'........#
......).......#).###~~~#.........
..........z...##.÷###'##.........
..............###......##.....###
..............# #<.....###...## #
.........###### #......# ##### #
.........# #.)....# #


You could see a skeletal warrior.

Vanquished Creatures
  A boulder beetle (D:10)
  A two-headed ogre (D:9)
  2 skeletal warriors
  Jeremiah (D:8)
  2 hornets
  Prince Ribbit (D:5)
  A vampire (D:9)
  8 yaks (D:10)
  A wraith (D:6)
  2 wyverns (D:10)
  Grum (D:8)
  5 water moccasins
  5 orc warriors
  A sky beast (D:8)
  3 black bears
  2 ogres (D:5)
  2 wolves (D:8)
  2 centaurs
  3 phantoms
  5 kobold brigands
  2 scorpions
  6 bullfrogs
  A gnoll sergeant (D:9)
  2 howler monkeys
  2 jellies
  3 orc priests
  Crazy Yiuf (D:3)
  2 gnoll boudas
  A sleepcap (D:4)
  4 orc wizards
  Natasha (thrice) (D:3)
  9 iguanas
  A mummy (D:5)
  10 gnolls
  11 adders
  A shadow imp (D:5)
  A white imp (D:5)
  4 ufetubi
  3 dart slugs
  34 orcs
  5 endoplasms
  4 giant cockroaches
  3 hobgoblins
  3 jackals (D:5)
  4 quokkas
  3 ball pythons
  11 bats
  2 frilled lizards
  5 goblins
  A hobgoblin zombie (D:5)
  26 kobolds
  2 kobold zombies (D:5)
  An orc zombie (D:5)
  A rat (D:3)
221 creatures vanquished.

Notes
Turn   | Place    | Note
-------+----------+-------------------------------------------
     0 | D:1      | CougarLife the Gargoyle Earth Elementalist began the quest
                  | for the Orb.
     0 | D:1      | Reached XP level 1. HP: 10/10 MP: 3/3
   241 | D:1      | Reached XP level 2. HP: 15/15 MP: 1/5
   734 | D:2      | Reached XP level 3. HP: 19/19 MP: 4/6
  1012 | D:2      | Reached XP level 4. HP: 22/24 MP: 6/8
  1700 | D:3      | Noticed Natasha
  1704 | D:3      | Killed Natasha
  1759 | D:3      | Reached XP level 5. HP: 28/28 MP: 7/9
  1812 | D:3      | Noticed Natasha
  1818 | D:3      | Killed Natasha
  1819 | D:3      | Reached skill level 5 in Earth Magic
  1990 | D:3      | Found a faded altar of an unknown god.
  2129 | D:3      | Found a runed translucent door.
  2130 | D:3      | Noticed Crazy Yiuf
  2274 | D:3      | Noticed Natasha
  2280 | D:3      | Killed Natasha
  2382 | D:3      | Killed Crazy Yiuf
  2383 | D:3      | Reached XP level 6. HP: 25/32 MP: 5/11
  2434 | D:3      | Learned a level 3 spell: Stone Arrow
  2577 | D:4      | Noticed a black bear
  2580 | D:4      | Killed a black bear
  2581 | D:4      | Reached skill level 1 in Air Magic
  2637 | D:4      | Identified the +3 ring mail "Myvoarro" {rElec Will+ Int+3}
  2977 | D:4      | Found a shadowy altar of Dithmenos.
  2981 | D:4      | Reached XP level 7. HP: 36/36 MP: 11/13
  3482 | D:5      | Entered Level 5 of the Dungeon
  3710 | D:5      | Noticed Prince Ribbit
  3915 | D:5      | Reached skill level 5 in Conjurations
  3915 | D:5      | Reached XP level 8. HP: 38/41 MP: 11/15
  4095 | D:5      | Reached skill level 5 in Spellcasting
  4143 | D:5      | Killed Prince Ribbit
  4255 | D:5      | Found a hazy altar of Hepliaklqana.
  4257 | D:5      | You fall into a shaft and drop 1 floor!
  4263 | D:6      | Noticed a wraith
  4806 | D:6      | Killed a wraith
  4807 | D:6      | Reached XP level 9. HP: 45/45 MP: 7/17
  4971 | D:6      | Found a staircase to the Ecumenical Temple.
  4981 | Temple   | Entered the Ecumenical Temple
  4988 | Temple   | Became a worshipper of Vehumet
  5220 | D:6      | Found a hide-covered altar of Uskayaw.
  5523 | D:7      | Found a white marble altar of Elyvilon.
  5773 | D:7      | Reached * piety under Vehumet
  5773 | D:7      | Offered knowledge of Sting by Vehumet.
  6496 | D:8      | Noticed Grum
  6502 | D:8      | Reached skill level 5 in Air Magic
  6637 | D:8      | Killed Grum
  6638 | D:8      | Reached XP level 10. HP: 50/50 MP: 13/20
  6699 | D:8      | Identified the +0 robe of the Zebra {+Inv rF+ rC- rCorr}
  6742 | D:8      | Noticed Jeremiah
  6779 | D:8      | Killed Jeremiah
  7349 | D:9      | Noticed a two-headed ogre
  7351 | D:9      | Killed a two-headed ogre
  7466 | D:9      | Found Farev's Antique Armour Shop.
  7683 | D:9      | Found an ornate altar of the Wu Jian Council.
  7684 | D:9      | Found a shimmering blue altar of Sif Muna.
  7685 | D:9      | Found a glowing golden altar of the Shining One.
  7687 | D:9      | Found an iron altar of Okawaru.
  7747 | D:9      | Reached ** piety under Vehumet
  7747 | D:9      | Offered knowledge of Momentum Strike by Vehumet.
  8112 | D:9      | Found a staircase to the Orcish Mines.
  8486 | D:10     | Entered Level 10 of the Dungeon
  8498 | D:10     | Noticed a boulder beetle
  8650 | D:9      | Learned a level 5 spell: Freezing Cloud
  8661 | D:10     | Killed a boulder beetle
  8777 | D:10     | Found a staircase to the Lair.
  8834 | D:10     | Reached XP level 11. HP: 47/54 MP: 11/23
  9190 | D:10     | Noticed a skeletal warrior
  9219 | D:10     | Noticed a skeletal warrior
  9235 | D:10     | Reached skill level 10 in Conjurations
  9283 | D:10     | Offered knowledge of Static Discharge by Vehumet.
  9379 | D:10     | Killed a skeletal warrior
  9399 | D:10     | Noticed a skeletal warrior
  9408 | D:9      | Killed a skeletal warrior
  9409 | D:9      | Reached skill level 10 in Earth Magic
  9485 | D:10     | Slain by a skeletal warrior

Illustrated notes

Levels and vault maps discovered:
D:1:      dreamdust_arrival_beginning_and_end, layout_basic
D:2:      layout_basic
D:3:      layout_rooms, shapermc_ecumenical_altar_ellora,
          dreamdust_mushroom_princess, uniq_crazy_yiuf_cottage, uniq_natasha
D:4:      layout_layer_cave, grunt_dithmenos_smoke_and_mirrors,
          kennysheep_generic_room_8
D:5:      layout_rooms, nicolae_hepliaklqana_hazy_memory, serial_glass,
          glass_columns_c, glass_columns_b, minmay_mini_ossuary,
          uniq_prince_ribbit1
D:6:      layout_basic, lemuel_crystal_altar, minmay_temple_entry_trees,
          minivault_22, eino_tiny_chamber
D:7:      layout_cave_pools, general_overflow_altar
D:8:      layout_loops_ring, uniq_grum, uniq_jeremiah
D:9:      layout_basic, grunt_temple_overflow_open, orc_david_3, serial_shops,
          shop
D:10:     layout_rooms, nicolae_overflow_hidden_temple, minmay_lair_entry_grove,
          gammafunk_ghost_spectres, minmay_liquid_box, hex_medium
Temple:   hellmonk_temple_two_chambers

Skill      XL: |  1  2  3  4  5  6  7  8  9 10 11 |
---------------+----------------------------------+-----
Earth Magic    | 4 5 6 8 9 10 | 10.0
Conjurations   | 2 3 4 5 6 8 9 10 | 10.5
Spellcasting   | 3 4 5 7 8 |  8.9
Air Magic      | 1 2 3 5 6 7 |  7.0
Dodging        | |  1.5
Stealth        | |  2.1

Action                     |  1- 3 |  4- 6 |  7- 9 | 10-12 || total
---------------------------+-------+-------+-------+-------++-------
  Melee: Dagger            |     5 |     3 |     2 |     8 ||    18
   Cast: Sandblast         |    33 |    60 |   142 |    61 ||   296
         Stone Arrow       |       |     2 |    16 |    69 ||    87
         Freezing Cloud    |       |       |       |     9 ||     9
  Evoke: Wand              |       |       |       |     3 ||     3
    Use: Scroll            |       |       |    11 |     2 ||    13
 Armour: Robe              |    11 |    12 |    42 |       ||    65
         Leather armour    |       |       |    27 |    44 ||    71
  Dodge: Dodged            |    11 |    15 |    71 |    31 ||   128

Table legend: (Time is in decaauts)
 A = Elapsed time spent in this place.
 B = Non-inter-level travel time spent in this place.
 C = Inter-level travel time spent in this place.
 D = Time resting spent in this place.
 E = Time spent auto-exploring this place.
 F = Levels seen in this place.
 G = Mean time per level.
                   A        B        C        D        E       F      G
               +--------+--------+--------+--------+--------+-----+--------+
         Total |   9650 |   9260 |    390 |   1960 |   5455 |  11 |  877.3 |
       Dungeon |   9636 |   9251 |    385 |   1960 |   5455 |  10 |  963.6 |
        Temple |     13 |      8 |      5 |      0 |      0 |   1 |   13.0 |
               +--------+--------+--------+--------+--------+-----+--------+

Top non-repeatable levels by time:
     D:9: 1690 daAuts
     D:4: 1282 daAuts
     D:8: 1124 daAuts
     D:6: 963 daAuts
     D:3: 922 daAuts
     D:2: 922 daAuts
     D:5: 809 daAuts
     D:7: 701 daAuts
     D:1: 656 daAuts
    D:10: 563 daAuts
  Temple: 13 daAuts
